 Dungeon Crawl Stone Soup version 0.29-a0-222-g5b244fca1f (webtiles) character file.

Game seed: 17070804048607719578

126 Hasart the Bolt Thrower (level 4, -22/37 HPs)
             Began as a Demigod Hunter on Feb 27, 2022.
             Annihilated by an ogre
             ... wielding a +0 giant spiked club
              (29 damage)
             ... on level 4 of the Dungeon.
             The game lasted 00:04:51 (2935 turns).

Hasart the Bolt Thrower (Demigod Hunter)            Turns: 2935, Time: 00:04:52

Health: -22/37     AC:  4    Str: 13    XL:     4   Next: 55%
Magic:  6/6        EV: 16    Int: 13    God:
Gold:   14         SH:  0    Dex: 18    Spells: 3/3 levels left

rFire   . . .      SeeInvis +   a - +1 hand crossbow
rCold   . . .      Faith    .   (no shield)
rNeg    . . .      Spirit   .   b - +0 leather armour
rPois   .          Reflect  .   (no helmet)
rElec   .          Harm     .   (no cloak)
rCorr   .          Rampage  .   (no gloves)
Will    .....                   w - +0 pair of boots
Stlth   ++........              (no amulet)
HPRegen 0.12/turn               c - +4 ring of evasion
MPRegen 0.10/turn               j - ring of see invisible

@: no status effects
A: high MP 1, forlorn, divine attributes
a: no special abilities


You were on level 4 of the Dungeon.
You visited 1 branch of the dungeon, and saw 4 of its levels.

You collected 114 gold pieces.
You spent 100 gold pieces at shops.

Inventory:

Hand Weapons
 a - a +1 hand crossbow (weapon)
Armour
 b - a +0 leather armour (worn)
 w - a +0 pair of boots (worn)
Jewellery
 c - a +4 ring of evasion (left hand)
 j - a ring of see invisible (right hand)
 s - a ring of poison resistance
Scrolls
 d - 2 scrolls of vulnerability {unknown}
 f - a scroll of fear {unknown}
 i - 4 scrolls of identify
 k - 2 scrolls of noise {unknown}
 l - 2 scrolls of brand weapon {unknown}
 o - a scroll of teleportation {unknown}
 q - a scroll of enchant weapon {unknown}
 r - a scroll of amnesia {unknown}
 v - a scroll of magic mapping
Potions
 e - 2 potions of heal wounds {unknown}
 g - a potion of brilliance {unknown}
 h - 2 potions of curing {unknown}
 m - a potion of flight {unknown}
 n - a potion of haste {unknown}
 p - a potion of lignification {unknown}
 t - a potion of attraction {unknown}
 u - a potion of might {unknown}


   Skills:
 + Level 2.5 Fighting
 * Level 4.5 Crossbows
 + Level 2.5 Dodging
 + Level 2.1 Stealth


You had 3 spell levels left.
You didn't know any spells.
Your spell library contained the following spells:

 Spells                   Type           Power      Damage    Failure   Level
 Beastly Appendage        Tmut           0%         N/A       36%         1
 Static Discharge         Conj/Air       0%         N/A       52%         2
 Wereblood                Tmut           0%         N/A       52%         2
 Conjure Flame            Conj/Fire      0%         6-21      75%         3
 Ignite Poison            Fire/Tmut/Pois 0%         N/A       75%         3
 Spider Form              Tmut/Pois      0%         N/A       75%         3
 Sticky Flame             Conj/Fire      0%         2d3       98%         4
 Lightning Bolt           Conj/Air       0%         1d11      100%        5
 Maxwell's Capacitive Co  Air            0%         ∞         100%        8


Dungeon Overview and Level Annotations

Branches:
Dungeon (4/15)
 Temple: D:4-7

Shops:
D:3 (   D:4 **

Annotations:
D:3 1 runed translucent door, Crazy Yiuf


Innate Abilities, Weirdness & Mutations

You have an increased reservoir of magic. (+10% MP)
You shall have no god before yourself.
Your divine heritage dramatically boosts your attributes as you level up.


Message History

There is an entrance to Quyshrang's General Store here.
v - a scroll of magic mapping;
i - 4 scrolls of identify (gained 1)
w - a +0 pair of boots Thank you for shopping at Quyshrang's General Store!
You start putting on your armour.
You continue putting on your +0 pair of boots. x4
You finish putting on your +0 pair of boots.
Found a stone staircase leading up.
An ogre comes into view. It is wielding a +0 giant spiked club.
The ogre shouts!
You shoot a bolt. The bolt hits the ogre.
The ogre is moderately wounded.
You shoot a bolt. The bolt hits the ogre!
The ogre is heavily wounded.
You shoot a bolt. The bolt barely misses the ogre.
You shoot a bolt. The bolt hits the ogre.
The ogre is severely wounded.
The ogre barely misses you.
You shoot a bolt.
The bolt hits the ogre but does no damage.
The ogre is severely wounded.
The ogre closely misses you.
You shoot a bolt. The bolt barely misses the ogre.
The ogre completely misses you.
You shoot a bolt. The bolt hits the ogre.
The ogre is severely wounded.
The ogre hits you with a +0 giant spiked club!!
Ouch! That really hurt!
* * * LOW HITPOINT WARNING * * *
You are too injured to fight recklessly!
You are too injured to fight recklessly!
You are too injured to fight recklessly!
Shoot: a) +1 hand crossbow
Press: ? - help, Q - select action Shift-Dir - straight line, f/p - ogre
Aim: an ogre, wielding a +0 giant spiked club (severely wounded, 79% to hit)
You shoot a bolt. The bolt hits the ogre.
The ogre is almost dead.
The ogre hits you with a +0 giant spiked club!!
Ouch! That really hurt!
You die...

#. #..#####
#### #.....#
#.. .# #@# #.#
#.#
##O#####.###.#
#..........#.#
#.#####..#.#.##
#. #..#....# #.
#.......# #.
#.##....#### ..
#......<...# ..
......##...##..


You could see an ogre.

Vanquished Creatures
  5 adders
  A worm (D:2)
  A dart slug (D:1)
  2 orcs (D:3)
  4 endoplasms (D:1)
  3 giant cockroaches
  4 goblins
  6 hobgoblins
  8 jackals
  5 quokkas
  5 ball pythons
  7 bats
  2 frilled lizards
  12 kobolds
  6 rats
71 creatures vanquished.

Vanquished Creatures (others)
  A plant (D:1)
1 creature vanquished.

Grand Total: 72 creatures vanquished

Notes
Turn   | Place    | Note
-------+----------+-------------------------------------------
     0 | D:1      | Hasart the Demigod Hunter began the quest for the Orb.
     0 | D:1      | Reached XP level 1. HP: 17/17 MP: 3/3
    73 | D:1      | Reached skill level 1 in Stealth
   232 | D:1      | Reached XP level 2. HP: 4/24 MP: 4/4
   630 | D:1      | Reached skill level 4 in Crossbows
   736 | D:1      | Reached XP level 3. HP: 29/29 MP: 5/5
  1850 | D:2      | Reached XP level 4. HP: 21/37 MP: 6/6
  2392 | D:3      | Found a runed translucent door.
  2393 | D:3      | Noticed Crazy Yiuf
  2557 | D:3      | Found Bodutiz's Weapon Shoppe.
  2893 | D:4      | Found Quyshrang's General Store.
  2894 | D:4      | Found Qoedu's Specific Store.
  2908 | D:4      | Bought a scroll of magic mapping for 35 gold pieces
  2908 | D:4      | Bought a scroll of identify for 20 gold pieces
  2908 | D:4      | Bought a +0 pair of boots for 45 gold pieces
  2926 | D:4      | Noticed an ogre
  2935 | D:4      | Annihilated by an ogre

Illustrated notes

Levels and vault maps discovered:
D:1:      wander_arrival_fairy_ring, layout_basic, kennysheep_flooded_box,
          serial_bayou_lagoon_a, minmay_pentomino_o4
D:2:      layout_loops_ring, hellmonk_ecumenical_altar_crossroads,
          minmay_indecisive_spiral
D:3:      layout_basic, serial_shops, nicolae_shop_behind_doors,
          uniq_crazy_yiuf_cottage
D:4:      layout_loops_cross, grunt_temple_overflow_open,
          gup_ossuary_entry_pyramid, nicolae_specific_store,
          kennysheep_generic_room_11, uniq_eustachio

Skill      XL: |  1  2  3  4 |
---------------+-------------+-----
Stealth        | 1 2 |  2.1
Fighting       | 2 |  2.5
Dodging        | 2 |  2.5
Crossbows      | 4 |  4.5

Action                   |  1- 3 |  4- 6 || total
-------------------------+-------+-------++-------
 Fire: Hand crossbow     |   152 |    63 ||   215
Armor: Leather armour    |    17 |     5 ||    22
Dodge: Dodged            |    44 |    33 ||    77

Table legend: (Time is in decaauts)
 A = Elapsed time spent in this place.
 B = Non-inter-level travel time spent in this place.
 C = Inter-level travel time spent in this place.
 D = Time resting spent in this place.
 E = Time spent auto-exploring this place.
 F = Levels seen in this place.
 G = Mean time per level.
                   A        B        C        D        E       F      G
               +--------+--------+--------+--------+--------+-----+--------+
         Total |   3019 |   2905 |    114 |    403 |   2028 |   4 |  754.8 |
       Dungeon |   3019 |   2905 |    114 |    403 |   2028 |   4 |  754.8 |
               +--------+--------+--------+--------+--------+-----+--------+

Top non-repeatable levels by time:
     D:1: 1258 daAuts
     D:2: 1002 daAuts
     D:3: 674 daAuts
     D:4: 84 daAuts
